 Dungeon Crawl Stone Soup version 0.28.0 (webtiles) character file.

Game seed: 475472248186516842

54109 Host24 the Sharpshooter (level 15, -2/103 HPs)
             Began as a Kobold Hunter on Mar 5, 2022.
             Was a High Priest of Okawaru.
             Slain by a harpy simulacrum (8 damage)
             ... in an ice cave.
             The game lasted 01:36:43 (33017 turns).

Host24 the Sharpshooter (Kobold Hunter)            Turns: 33017, Time: 01:36:44

Health: -2/103     AC: 14    Str: 14    XL:     15   Next: 12%
Magic:  21/21      EV: 19    Int: 13    God:    Okawaru [*****.]
Gold:   1130       SH:  0    Dex: 18    Spells: 14/14 levels left

rFire   . . .      SeeInvis .   a - +1 hand crossbow
rCold   + . .      Faith    .   (no shield)
rNeg    . . .      Spirit   .   V - +2 scale mail {rC+}
rPois   .          Reflect  .   (no helmet)
rElec   .          Harm     .   B - +2 cloak
rCorr   .          Rampage  .   (no gloves)
Will    +....                   n - +0 pair of boots
Stlth   ++........              U - amulet of regeneration
HPRegen 1.07/turn               q - ring of flight
MPRegen 0.17/turn               (no ring)

@: flying
A: small, no large weapons, nightstalker 3
a: Renounce Religion, Heroism, Finesse, Duel


You were in an ice cave.
You worshipped Okawaru.
Okawaru was extremely pleased with you.
You visited 3 branches of the dungeon, and saw 16 of its levels.
You also visited: Sewer, Bailey and Ice Cave.

You collected 1130 gold pieces.

Inventory:

Hand Weapons
 a - a +1 hand crossbow (weapon)
 A - a +2 falchion of freezing
 Q - the +8 rapier "Eviscerator" {flame, rPois Will+ Int+3}
   (You found it on level 3 of the Lair of Beasts)

   It burns those it strikes, dealing additional fire damage.
   Int:       It affects your intelligence (+3).
   rPois:     It protects you from poison.
   Will:      It increases your willpower.
Missiles
 d - 78 bolts (quivered ammo)
 f - 103 stones
 i - 2 throwing nets
 m - 46 poisoned darts
 r - 25 boomerangs
 z - 37 sling bullets
 F - 48 arrows
 L - 3 large rocks
Armour
 n - a +0 pair of boots (worn)
 p - a +2 scale mail of willpower
 v - the +0 pair of boots "Salarywk" {-Tele rPois rC+ Int+3}
   (Okawaru gifted it to you on level 3 of the Lair of Beasts)

   Int:       It affects your intelligence (+3).
   rC:        It protects you from cold.
   rPois:     It protects you from poison.
   -Tele:     It prevents most forms of teleportation.
 B - a +2 cloak (worn)
 M - a scarf of repulsion
 V - a +2 scale mail of cold resistance (worn)
Jewellery
 q - a ring of flight (left hand)
 w - a ring of wizardry
 U - an amulet of regeneration (around neck)
Wands
 e - a wand of acid (11)
 C - a wand of mindburst (16)
 E - a wand of polymorph (5)
 J - a wand of flame (31)
 K - a wand of digging (14)
 S - a wand of paralysis (6)
Scrolls
 c - 2 scrolls of vulnerability {unknown}
 g - 4 scrolls of immolation
 h - 2 scrolls of enchant weapon {unknown}
 j - 6 scrolls of teleportation
 k - 2 scrolls of noise {unknown}
 l - 7 scrolls of fog {unknown}
 s - a scroll of silence {unknown}
 t - 7 scrolls of blinking {unknown}
 y - 2 scrolls of magic mapping
 H - a scroll of acquirement {unknown}
 O - 2 scrolls of enchant armour
 T - a scroll of brand weapon {unknown}
 W - a scroll of fear
 X - a scroll of amnesia {unknown}
Potions
 b - 3 potions of mutation {unknown}
 o - a potion of lignification {unknown}
 u - 5 potions of ambrosia
 x - 2 potions of magic
 I - 2 potions of flight
 N - a potion of berserk rage {unknown}
 P - 2 potions of resistance {unknown}
 R - a potion of might {unknown}
Miscellaneous
 G - a phantom mirror


   Skills:
 - Level 15.0 Fighting
 - Level 18.0 Crossbows
 - Level 7.0 Armour
 + Level 13.5 Dodging
 - Level 1.3 Stealth
 - Level 8.0 Invocations


You had 14 spell levels left.
You didn't know any spells.
Your spell library contained the following spells:

 Spells                   Type           Power      Damage    Failure   Level
 Pain                     Necr           0%         1d4       73%         1
 Shock                    Conj/Air       0%         1d3       73%         1
 Sting                    Tmut/Pois      0%         1d3       73%         1
 Poisonous Vapours        Pois/Air       0%         N/A       86%         2
 Gell's Gravitas          Tloc           0%         N/A       97%         3
 Ozocubu's Armour         Ice            0%         N/A       97%         3
 Portal Projectile        Hex/Tloc       0%         N/A       97%         3
 Swiftness                Air            0%         N/A       97%         3
 Teleport Other           Tloc           0%         N/A       97%         3
 Vampiric Draining        Necr           0%         2d6       97%         3
 Airstrike                Air            0%         N/A       100%        4
 Anguish                  Hex/Necr       0%         N/A       100%        4
 Hailstorm                Conj/Ice       0%         3d3       100%        4
 Ice Form                 Ice/Tmut       0%         N/A       100%        4
 Leda's Liquefaction      Hex/Erth       0%         N/A       100%        4
 Olgreb's Toxic Radiance  Pois           0%         N/A       100%        4
 Passage of Golubria      Tloc           0%         N/A       100%        4
 Borgnjor's Vile Clutch   Necr/Erth      0%         N/A       100%        5
 Metabolic Englaciation   Hex/Ice        0%         N/A       100%        5
 Yara's Violent Unravell  Hex/Tmut       0%         3d3       100%        5
 Dispersal                Tloc           0%         N/A       100%        6
 Enfeeble                 Hex            0%         N/A       100%        7
 Animate Skeleton         Necr           Unusable   N/A       N/A         1
 Summon Small Mammal      Summ           Unusable   N/A       N/A         1
 Call Canine Familiar     Summ           Unusable   N/A       N/A         3
 Summon Guardian Golem    Hex/Summ       Unusable   N/A       N/A         3
 Tukima's Dance           Hex            Unusable   N/A       N/A         3
 Animate Dead             Necr           Unusable   N/A       N/A         4
 Death Channel            Necr           Unusable   N/A       N/A         6
 Simulacrum               Ice/Necr       Unusable   N/A       N/A         6

Dungeon Overview and Level Annotations

Branches:
Dungeon (9/15)             Temple (1/1) D:7            Lair (6/6) D:9
 Shoals (0/4) Lair:4        Snake (0/4) Lair:4        Slime (0/5) Lair:6
  Sewer (visited)          Bailey (visited)           IceCv (1/1)
    Orc: D:9-12

Altars:
Cheibriados
Fedhas
Gozag
Hepliaklqana
Kikubaaqudgha
Makhleb
Nemelex Xobeh
Okawaru
Ru
Trog
Wu Jian
Xom
Yredelemnul
Zin
Jiyva

Annotations:
D:6 2 runed translucent doors
Lair:2 2 transporters, Zapai's ghost, journeyman DgAr


Innate Abilities, Weirdness & Mutations

You are small and have problems with some larger weapons.
You are completely attuned to the shadows.


Message History

* * * LOW HITPOINT WARNING * * *
The harpy simulacrum freezes you! You resist.
* * * LOW HITPOINT WARNING * * *
You are confused.
You feel invigorated.
The harpy simulacrum claws you but does no damage.
The harpy simulacrum closely misses you. x2
The harpy simulacrum claws you but does no damage.
You bump into the ice covered rock wall.
The harpy simulacrum closely misses you.
The harpy simulacrum claws you but does no damage.
The harpy simulacrum closely misses you.
The harpy simulacrum claws you but does no damage.
The harpy simulacrum claws you.
* * * LOW HITPOINT WARNING * * *
The harpy simulacrum freezes you! You resist.
* * * LOW HITPOINT WARNING * * *
The harpy simulacrum misses you.
The harpy simulacrum completely misses you. x2
The harpy simulacrum claws you but does no damage. x2
You bump into the ice covered rock wall.
The harpy simulacrum claws you but does no damage.
The harpy simulacrum closely misses you.
The harpy simulacrum completely misses you.
The harpy simulacrum barely misses you. The harpy simulacrum claws you!
* * * LOW HITPOINT WARNING * * *
The harpy simulacrum freezes you. You resist.
* * * LOW HITPOINT WARNING * * *
The harpy simulacrum misses you.
You bump into the ice covered rock wall.
You feel less invigorated.
You feel less confused.
The harpy simulacrum claws you but does no damage.
The harpy simulacrum closely misses you.
The harpy simulacrum claws you but does no damage.
The harpy simulacrum completely misses you.
The harpy simulacrum misses you. The harpy simulacrum claws you.
* * * LOW HITPOINT WARNING * * *
The harpy simulacrum freezes you! You resist.
You die...

..##...### ##.##
#...##...#####.#.#
#######.....###.##
##..⌠..#.##
##.....##
##...##.###
####...###≈≈≈#
####....####≈≈≈###
..#...###
#≈≈#≈≈@## ....###
######Z≈# #####
#.###.≈# #.#.##Z##
..###.Z##
..##.Z### #.
##...# ##Z..# 5...


You could see a death yak simulacrum, a harpy simulacrum and a troll simulacrum.

Vanquished Creatures
  An orc warlord (Bailey)
  A hydra (Lair:1)
  A boulder beetle (Lair:3)
  A catoblepas (Lair:5)
  6 death yaks
  Pikel (D:4)
  2 bog bodies (IceCv)
  An orc knight (Bailey)
  A manticore (Lair:4)
  An oklob plant (Lair:5)
  Joseph (Lair:1)
  2 black mambas
  13 elephants
  17 cane toads
  3 rime drakes
  10 komodo dragons
  An entropy weaver simulacrum (IceCv)
  3 ice devils
  2 anaconda simulacra (IceCv)
  2 polar bears
  A wind drake (Lair:4)
  A queen bee (Lair:1)
  A troll (D:8)
  Grinder (Sewer)
  15 dream sheep
  11 blink frogs
  4 wyverns
  A wraith (D:6)
  53 yaks
  6 basilisks
  A dire elephant simulacrum (IceCv)
  5 vampire mosquitoes
  A death yak simulacrum (IceCv)
  A steam dragon (D:8)
  Menkaure (D:4)
  2 harpy simulacra (IceCv)
  3 nagas (Lair:4)
  14 water moccasins
  2 orc warriors (Bailey)
  An ice beast (D:7)
  2 necrophages
  A sky beast (D:8)
  A hornet zombie (D:7)
  7 black bears
  A boggart (Bailey)
  3 centaurs
  2 ogres (D:5)
  A phantom (D:5)
  3 kobold brigands
  3 lemures (D:4)
  18 bullfrogs
  6 two-headed ogre simulacra (IceCv)
  A cane toad simulacrum (IceCv)
  2 water moccasin skeletons (D:4)
  25 killer bees (Lair:1)
  An elephant simulacrum (IceCv)
  7 wights
  6 centaur zombies
  A quasit (Sewer)
  A bullfrog zombie (D:6)
  7 hounds
  A human zombie (D:5)
  A jelly (D:6)
  2 bullfrog skeletons (D:4)
  3 centaur skeletons
  An orc priest (D:6)
  4 scorpion zombies (D:5)
  Terence (D:2)
  An iguana (D:6)
  4 orc wizards
  A polar bear simulacrum (IceCv)
  5 spriggan simulacra (IceCv)
  2 troll simulacra (IceCv)
  A hound skeleton (D:5)
  A hound zombie (D:5)
  A mummy (D:5)
  A howler monkey zombie (D:9)
  2 howler monkey skeletons
  3 adders
  4 naga simulacra (IceCv)
  20 gnolls
  3 shadow imps
  3 white imps (IceCv)
  15 ufetubi
  An adder skeleton (D:4)
  A worm (D:3)
  A dart slug (D:2)
  28 orcs
  9 ball pythons
  9 bats
  9 endoplasms
  8 giant cockroaches
  5 goblins
  9 hobgoblins
  3 quokkas
  A frilled lizard (D:1)
  37 kobolds
  5 rats
500 creatures vanquished.

Vanquished Creatures (others)
  An orc (D:6)
  A bat zombie (Sewer)
  A kobold zombie (Sewer)
  A bush (Lair:1)
  75 fungi
  130 plants
209 creatures vanquished.

Grand Total: 709 creatures vanquished

Notes
Turn   | Place    | Note
-------+----------+-------------------------------------------
     0 | D:1      | Host24 the Kobold Hunter began the quest for the Orb.
     0 | D:1      | Reached XP level 1. HP: 12/12 MP: 1/1
    25 | D:1      | Reached skill level 5 in Crossbows
   217 | D:1      | Found a faded altar of an unknown god.
   280 | D:1      | Reached XP level 2. HP: 18/18 MP: 2/2
   923 | D:1      | Reached XP level 3. HP: 23/23 MP: 3/3
  1714 | D:2      | Reached XP level 4. HP: 28/28 MP: 4/4
  1769 | D:2      | Reached skill level 6 in Crossbows
  1858 | D:2      | Noticed Terence
  1864 | D:2      | Killed Terence
  2255 | D:3      | Reached XP level 5. HP: 32/32 MP: 5/5
  2840 | D:3      | Reached skill level 7 in Crossbows
  3268 | D:3      | Reached XP level 6. HP: 9/37 MP: 6/6
  3778 | D:3      | Reached skill level 8 in Crossbows
  4418 | D:4      | Found a glowing drain.
  4437 | Sewer    | Entered a sewer
  5239 | Sewer    | Reached skill level 9 in Crossbows
  5239 | Sewer    | Reached XP level 7. HP: 40/41 MP: 7/7
  5423 | Sewer    | Noticed Grinder
  5605 | Sewer    | Paralysed by Grinder for 4 turns
  5620 | Sewer    | Killed Grinder
  5621 | Sewer    | Reached skill level 10 in Crossbows
  5636 | Sewer    | Found a burning altar of Makhleb.
  5901 | D:4      | Reached XP level 8. HP: 16/47 MP: 8/8
  6676 | D:4      | Noticed Menkaure
  6681 | D:4      | Killed Menkaure
  6682 | D:4      | Reached skill level 5 in Fighting
  6818 | D:4      | Noticed Pikel
  7022 | D:4      | Killed Pikel
  7023 | D:4      | Reached XP level 9. HP: 19/55 MP: 9/9
  7231 | D:4      | Reached skill level 1 in Armour
  7810 | D:5      | Entered Level 5 of the Dungeon
  8049 | D:5      | Found a glowing silver altar of Zin.
  8049 | D:5      | Found a shimmering altar of Xom.
  8049 | D:5      | Found an ornate altar of the Wu Jian Council.
  8282 | D:5      | Found a basalt altar of Yredelemnul.
  9056 | D:5      | Found a sparkling altar of Nemelex Xobeh.
  9224 | D:5      | Found a snail-covered altar of Cheibriados.
  9338 | D:6      | Reached XP level 10. HP: 64/64 MP: 10/10
  9367 | D:6      | Identified the +2 whip "Murmur" {vorpal, rF+ MP+9 Int-2
                  | Stlth+}
  9652 | D:6      | Noticed a death knight
  9814 | D:6      | Noticed a freezing wraith
  9814 | D:6      | Noticed a freezing wraith
  9939 | D:6      | Found a bloodstained altar of Trog.
 10198 | D:6      | Found a large runed translucent door.
 10199 | D:6      | Found a large runed translucent door.
 10292 | D:6      | Noticed a freezing wraith
 10667 | D:7      | Reached skill level 11 in Crossbows
 10768 | D:7      | Found a staircase to the Ecumenical Temple.
 10774 | Temple   | Entered the Ecumenical Temple
 10847 | Temple   | Became a worshipper of Warmaster Okawaru
 10895 | D:7      | Found a flagged portal.
 10939 | Bailey   | Entered a bailey
 11174 | Bailey   | Reached skill level 1 in Invocations
 11198 | Bailey   | Noticed an orc warlord
 11429 | Bailey   | Noticed an orc knight
 11443 | Bailey   | Killed an orc knight
 11612 | Bailey   | Found a runed translucent gate.
 11613 | Bailey   | Found a runed translucent gate.
 11614 | Bailey   | Found a runed translucent gate.
 11839 | Bailey   | Killed an orc warlord
 11839 | Bailey   | Reached * piety under Okawaru
 11911 | Bailey   | Identified the +11 great sword of a Gauntlet {vorpal, rElec
                  | rN+}
 11927 | D:7      | Reached skill level 10 in Fighting
 11927 | D:7      | Reached skill level 12 in Crossbows
 11927 | D:7      | Reached skill level 5 in Armour
 11927 | D:7      | Reached XP level 11. HP: 72/72 MP: 14/16
 11988 | D:7      | Reached XP level 12. HP: 62/77 MP: 16/18
 12280 | D:7      | Reached skill level 10 in Dodging
 14377 | D:8      | Reached ** piety under Okawaru
 14617 | D:8      | Reached skill level 13 in Crossbows
 14758 | D:9      | Noticed a boulder beetle
 15809 | D:9      | Found a staircase to the Lair.
 16219 | Lair:1   | Entered Level 1 of the Lair of Beasts
 16535 | Lair:1   | Reached *** piety under Okawaru
 16820 | Lair:1   | Noticed a four-headed hydra
 17429 | Lair:1   | Received a gift from Okawaru
 18546 | Lair:1   | Reached XP level 13. HP: 35/87 MP: 19/19
 18777 | Lair:1   | Noticed Joseph
 18790 | Lair:1   | Killed Joseph
 18946 | Lair:1   | Killed a four-headed hydra
 18946 | Lair:1   | Reached **** piety under Okawaru
 19535 | Lair:1   | Received a gift from Okawaru
 21155 | Lair:2   | Found a transporter.
 21704 | Lair:2   | Found a transporter.
 21988 | Lair:2   | Noticed Zapai's ghost (journeyman DgAr)
 22461 | Lair:2   | Noticed a six-headed hydra
 22510 | Lair:3   | Reached skill level 14 in Crossbows
 22546 | Lair:3   | Noticed a boulder beetle
 22829 | Lair:3   | Killed a boulder beetle
 23073 | Lair:3   | Identified the +8 rapier "Eviscerator" {flame, rPois Will+
                  | Int+3}
 23696 | Lair:3   | Received a gift from Okawaru
 24333 | Lair:2   | Reached skill level 15 in Crossbows
 25067 | Lair:3   | Reached ***** piety under Okawaru
 25795 | Lair:3   | Identified the +0 pair of boots "Salarywk" {-Tele rPois rC+
                  | Int+3} (Okawaru gifted it to you on level 3 of the Lair of
                  | Beasts)
 25795 | Lair:3   | Received a gift from Okawaru
 26549 | Lair:4   | Reached XP level 14. HP: 76/94 MP: 20/20
 26556 | Lair:4   | Reached skill level 16 in Crossbows
 26855 | Lair:4   | Found a staircase to the Shoals.
 26860 | Lair:4   | HP: 4/94 [wind drake/the air (20)]
 28043 | Lair:4   | Found a staircase to the Snake Pit.
 28904 | Lair:4   | Reached skill level 17 in Crossbows
 30105 | Lair:4   | Reached skill level 18 in Crossbows
 30966 | Lair:5   | Received a gift from Okawaru
 31631 | Lair:5   | Received a gift from Okawaru
 31941 | Lair:6   | Entered Level 6 of the Lair of Beasts
 32007 | Lair:6   | Reached skill level 15 in Fighting
 32013 | Lair:6   | Found a frozen archway.
 32032 | Lair:6   | Found a staircase to the Slime Pits.
 32033 | Lair:6   | Found a viscous altar of Jiyva.
 32182 | Lair:6   | Reached XP level 15. HP: 66/103 MP: 21/21
 32198 | IceCv    | Entered an ice cave
 33010 | IceCv    | HP: 4/103 [harpy simulacrum (7)]
 33015 | IceCv    | HP: 4/103 [harpy simulacrum (4)]
 33017 | IceCv    | Slain by a harpy simulacrum

Illustrated notes

Levels and vault maps discovered:
D:1:      saegor_arrival_simple_c, layout_loops_ring,
          shapermc_ecumenical_altar_mp_urbaneastern, dk_noncrumbling_3,
          grunt_decor_cap, minmay_heptomino_d4
D:2:      layout_rooms, minmay_misc_feat_enclosed, uniq_terence
D:3:      layout_loops_cross, minmay_between
D:4:      layout_basic, cheibrodos_sewer_entry_drain, st_stairs_9,
          minmay_misc_feat_four_crosses, uniq_pikel, uniq_menkaure
D:5:      layout_rooms, kennysheep_mini_moat,
          lemuel_mausoleum_altar_yredelemnul, overflow_temple_1_default,
          gammafunk_temple_overflow_forgotten
D:6:      layout_rooms, trog_book, ebering_ghost_disaster_area
D:7:      layout_basic, minmay_temple_entry_waves, enter_bailey_2
D:8:      layout_basic, serial_rivers, chequers_serial_rivers_room_a,
          chequers_serial_rivers_room_b, chequers_serial_rivers_micro_b,
          chequers_serial_rivers_room_b, chequers_serial_rivers_micro_e
D:9:      layout_loops_cross, due_lair_maze_entry_diamond
Temple:   regret_index_temple_generic_petals
Lair:1:   layout_roguey [special_room_bee], nicolae_quartered_pool_impasse,
          uniq_joseph
Lair:2:   layout_misc_corridors, gammafunk_ghost_berserking_beasts,
          eino_small_chamber_without_monster, lemuel_fruit_fields
Lair:3:   layout_cave_pods
Lair:4:   layout_gridlike, minmay_shoals_entry_beasts,
          guppyfry_snake_entry_garden, beast_lair_carwin_11
Lair:5:   layout_regular_city, nicolae_lair_yak_garden
Lair:6:   hangedman_lair_tendril_chambers, layout_hall_layers,
          guppyfry_lair_end_dragon, slime_altar_1,
          portal_ice_cave_demonic_guard, ebering_ghost_xom, serial_bayou_shore_b
IceCv:    ice_cave_caverns_01

Skill      XL: |  1  2  3  4  5  6  7  8  9 10 11 12 13 14 15 |
---------------+----------------------------------------------+-----
Crossbows      | 5 6 7 9 10 12 13 15 18 | 18.0
Fighting       | 3 6 8 10 12 13 15 | 15.0
Dodging        | 3 7 8 9 11 13 | 13.5
Armour         | 3 5 6 7 |  7.0
Invocations    | 7 8 |  8.0
Stealth        | |  1.3

Action                   |  1- 3 |  4- 6 |  7- 9 | 10-12 | 13-15 || total
-------------------------+-------+-------+-------+-------+-------++-------
Melee: Short sword       |    80 |   270 |   420 |       |       ||   770
       Punch             |       |     4 |    13 |    10 |    17 ||    44
       Falchion          |       |       |    81 |   316 |   198 ||   595
       Mace              |       |       |       |   323 |    22 ||   345
       Rapier            |       |       |       |       |   558 ||   558
 Fire: Hand crossbow     |     4 |    60 |   112 |   230 |   656 ||  1062
Throw: Dart              |       |       |       |    24 |       ||    24
Invok: Heroism           |       |       |       |     5 |    14 ||    19
       Finesse           |       |       |       |       |     5 ||     5
Evoke: Wand              |       |       |       |     9 |     5 ||    14
  Use: Scroll            |       |       |     7 |     6 |     6 ||    19
       Potion            |       |       |       |     9 |     7 ||    16
 Stab: Sleeping          |    14 |     1 |       |     2 |     3 ||    20
       Distracted        |       |       |       |     2 |       ||     2
Armor: Leather armour    |    22 |     1 |       |       |       ||    23
       Scale mail        |       |   148 |   299 |   397 |   407 ||  1251
Dodge: Dodged            |    81 |   230 |   415 |   907 |  1079 ||  2712
